 Dungeon Crawl Stone Soup version 0.21.1-1-g345015fe64 (webtiles) character file.

179 Oravi the Changer (level 5, -6/37 HPs)
             Began as a Merfolk Transmuter on May 5, 2018.
             Killed by divine providence
             ... invoked by an orc priest
              (13 damage)
             ... on level 4 of the Dungeon.
             The game lasted 00:11:51 (3243 turns).

Oravi the Changer (Merfolk Transmuter)              Turns: 3243, Time: 00:11:53

Health: -6/37      AC:  2    Str: 12    XL:     5   Next: 59%
Magic:  1/8        EV: 21    Int: 13    God:
Gold:   83         SH:  0    Dex: 20    Spells: 3/8 levels left

rFire    . . .     SeeInvis .     - Unarmed
rCold    + . .     Gourm    .   (shield currently unavailable)
rNeg     . . .     Faith    .   (armour currently unavailable)
rPois    x         Spirit   .   (helmet currently unavailable)
rElec    .         Reflect  .   (cloak currently unavailable)
rCorr    .         Harm     .   (gloves currently unavailable)
MR       .....     Clarity  +   (boots currently unavailable)
Stlth    ++........             (no amulet)
HPRegen  0.12/turn              e - ring of protection from cold
MPRegen  0.11/turn              (no ring)

@: spider-form, very slightly contaminated
A: tiny, (change form in water), (swift swim), (stealthy swim), clarity,
screaming 1, strong 1
a: End Transformation


You were on level 4 of the Dungeon.
You were not hungry.
You were a venomous arachnid creature.
You visited 1 branch of the dungeon, and saw 4 of its levels.

You collected 83 gold pieces.

Inventory:

Missiles
 a - 12 arrows
Armour
 b - a +0 robe (melded)
Magical Staves
 h - an uncursed staff of energy (melded)
Jewellery
 e - a ring of protection from cold (left front leg)
Scrolls
 j - a scroll of teleportation
Potions
 f - 2 potions of brilliance
 g - 4 potions of haste
 k - a potion of lignification {unknown}
 m - a potion of cancellation {unknown}
 o - a potion of heal wounds {unknown}
 p - 3 potions of flight {unknown}
Books
 c - a book of Changes

   Spells                             Type                      Level
   a - Beastly Appendage              Transmutation                1
   b - Sticks to Snakes               Transmutation                2
   c - Spider Form                    Transmutation/Poison         3
   d - Ice Form                       Ice/Transmutation            4
   e - Blade Hands                    Transmutation                5
Comestibles
 d - 6 rations
 l - 15 chunks of flesh


   Skills:
 + Level 1.6 Fighting
 + Level 3.0 Dodging
 + Level 4.8 Unarmed Combat
 + Level 2.2 Spellcasting
 + Level 5.0 Transmutations
 + Level 1.6 Poison Magic


You had 3 spell levels left.
You knew the following spells:

 Your Spells              Type           Power        Failure   Level  Hunger
a - Spider Form           Tmut/Pois      ##........   38%         3    ####...
b - Sticks to Snakes      Tmut           ##......     14%         2    ###....


Dungeon Overview and Level Annotations

Branches:
Dungeon (4/15)
 Temple: D:4-7

Altars:

Annotations:
D:3 grerr's ghost, amateur DsNe


Innate Abilities, Weirdness & Mutations

((You revert to your normal form in water.))
((You are very nimble and swift while swimming.))
((You are very stealthy in the water. (Stealth+)))
You possess an exceptional clarity of mind.
You occasionally shout uncontrollably at your foes.
Your muscles are strong. (Str +2)


Message History

Your Dodging skill increases to level 3!
Your Transmutations skill increases to level 5!
You feel a bit more experienced. The orc wizard barely misses you.
The orc wizard begins to cast a cantrip, but forgets the words!
The orc wizard points at you and mumbles some strange words.
The puff of flame hits you! The orc wizard casts a spell at you.
The puff of flame hits you!
* * * LOW HITPOINT WARNING * * *
The orc wizard casts a spell.
The orc wizard flickers and vanishes!
Deactivating autopickup; reactivate with Ctrl-A.
The jackal skeleton misses you.
You bite the jackal skeleton!
You destroy the jackal skeleton!
The orc wizard casts a spell.
The orc wizard flickers and vanishes!
The orc priest invokes the aid of Beogh against you.
Beogh smites you!
You die...

#.#....#
#.#.#### #.#.#
#.#.# #.#.. #
#.### .#
#.#####.#
#.......# #
#s###...## #.
#........#
#.##{.......#
#...o.......#
#..#..##.....
#<.........=.
#..).)..#####
##...#......
........####.#


You could see an orc priest.

Vanquished Creatures
  An orc wizard (D:4)
  Terence (D:2)
  2 adders (D:2)
  2 worms (D:2)
  5 leopard geckos
  7 orcs
  3 giant cockroaches
  9 goblins
  9 hobgoblins
  12 jackals
  14 kobolds
  7 bats
  8 frilled lizards
  A jackal skeleton (D:4)
  10 rats
  A plant (D:1)
92 creatures vanquished.

Notes
Turn   | Place    | Note
-------+----------+-------------------------------------------
     0 | D:1      | Oravi the Merfolk Transmuter began the quest for the Orb.
     0 | D:1      | Reached XP level 1. HP: 15/15 MP: 3/3
    82 | D:1      | Reached skill level 3 in Transmutations
   118 | D:1      | Reached XP level 2. HP: 21/21 MP: 3/5
   714 | D:1      | Reached XP level 3. HP: 26/26 MP: 6/6
   722 | D:1      | Learned a level 2 spell: Sticks to Snakes
   726 | D:1      | Learned a level 3 spell: Spider Form
   922 | D:1      | Reached skill level 4 in Transmutations
  1428 | D:2      | Found a faded altar of an unknown god.
  1507 | D:2      | Reached XP level 4. HP: 21/32 MP: 0/7
  1949 | D:2      | Noticed Terence
  1958 | D:2      | Killed Terence
  1958 | D:2      | Reached skill level 1 in Poison Magic
  2347 | D:3      | Reached XP level 5. HP: 17/37 MP: 1/8
  2663 | D:3      | Noticed grerr's ghost (amateur DsNe)
  3169 | D:4      | Gained mutation: You occasionally shout uncontrollably at your foes. [potion of mutation]
  3169 | D:4      | Gained mutation: Your muscles are strong. (Str +2) [potion of mutation]
  3169 | D:4      | Gained mutation: You possess an exceptional clarity of mind. [potion of mutation]
  3239 | D:4      | Reached skill level 5 in Transmutations
  3243 | D:4      | Killed from afar by an orc priest

Skill      XL: |  1  2  3  4  5 |
---------------+----------------+-----
Transmutations | 3 4 5 |  5.0
Unarmed Combat | 4 |  4.8
Poison Magic   | 1 |  1.6
Dodging        | 3 |  3.0
Fighting       | |  1.6
Spellcasting   | |  2.2

Action                   |  1- 3 |  4- 6 || total
-------------------------+-------+-------++-------
Melee: Unarmed           |   142 |   124 ||   266
       Headbutt          |     7 |       ||     7
       Punch             |     2 |     1 ||     3
       Staff             |       |     6 ||     6
 Cast: Beastly Appendage |    12 |       ||    12
       Spider Form       |     8 |    23 ||    31
  Use: Scroll            |       |     8 ||     8
       Potion            |       |     1 ||     1
 Stab: Sleeping          |       |     2 ||     2
  Eat: Chunk             |     4 |     8 ||    12
Armor: Robe              |    12 |     4 ||    16
       Skin              |     3 |     5 ||     8
Dodge: Dodged            |    90 |   129 ||   219
